 Dungeon Crawl Stone Soup version 0.19.1-1-g22dce08 (webtiles) character file.

131 Alarkh the Grave Robber (level 4, -1/36 HPs)
             Began as a Deep Dwarf Necromancer on Jan 9, 2017.
             Slain by a river rat (4 damage)
             ... on level 3 of the Dungeon.
             The game lasted 00:03:45 (2266 turns).

Alarkh the Grave Robber (Deep Dwarf Necromancer)    Turns: 2266, Time: 00:03:45

Health: -1/36      AC:  3    Str: 12    XL:     4   Next: 91%
Magic:  0/8        EV: 12    Int: 16    God:
Gold:   174        SH:  0    Dex: 13    Spells: 2 memorised, 5 levels left

rFire  . . .     SeeInvis .     l - +0 hand axe
rCold  . . .     Gourm    .     s - +0 robe (curse)
rNeg   . . .     Faith    .     (no shield)
rPois  .         Spirit   .     g - +0 helmet
rElec  .         Reflect  .     (no cloak)
rCorr  .         Harm     .     (no gloves)
MR     .....                    (no boots)
Stlth  ++........               (no amulet)
                                (no ring)
                                (no ring)

@: non-regenerating
A: damage resistance, recharge devices, sense surroundings 1, slow regeneration
3
a: Device Recharging


You were on level 3 of the Dungeon.
You were hungry.

You visited 1 branch of the dungeon, and saw 3 of its levels.

You collected 174 gold pieces.

Inventory:

Hand Weapons
 l - a +0 hand axe (weapon)
Armour
 a - a +0 robe
 g - a +0 helmet (worn)
 s - a cursed +0 robe (worn)
 t - a +1 chain mail of magic resistance
Wands
 c - a wand of heal wounds (5/9)
 j - a wand of random effects (6/48)
Scrolls
 e - a scroll of identify
 f - a scroll of remove curse
 m - a scroll of fog
 n - a scroll of blinking
Potions
 h - a potion of lignification
 q - a potion of degeneration {unknown}
 r - a potion of brilliance
Books
 b - a book of Necromancy

   Spells                             Type                      Level
   a - Pain                           Necromancy                   1
   b - Animate Skeleton               Necromancy                   1
   c - Vampiric Draining              Necromancy                   3
   d - Regeneration                   Charms/Necromancy            3
   e - Animate Dead                   Necromancy                   4
   f - Control Undead                 Necromancy                   4
Comestibles
 d - 4 bread rations
 i - 3 fruits
 k - 2 slices of pizza
 o - a beef jerky
 p - 3 chunks of flesh


   Skills:
 + Level 2.5 Axes
 - Level 2.1 Dodging
 - Level 2.4 Stealth
 + Level 3.0 Spellcasting
 + Level 5.3 Necromancy


You had 5 spell levels left.
You knew the following spells:

 Your Spells              Type           Power        Failure   Level  Hunger
a - Vampiric Draining     Necr           ###.......   8%          3    ###....
e - Pain                  Necr           ###.         1%          1    #......


Dungeon Overview and Level Annotations

Branches:
Dungeon (3/15)

Altars:
Makhleb


Innate Abilities, Weirdness & Mutations

You are resistant to damage.
You can recharge devices by infusing magical energy.
You passively map a small area around you.
You do not regenerate.


Message History

The river rat twitches its whiskers.
You hear the rapid rusting of a distant drain.
The river rat completely misses you.
The quokka twitches its whiskers.
Casting: Vampiric Draining
Confirm with . or Enter, or press ? or * to list all spells.
Aiming: Vampiric Draining
Press: ? - help, Shift-Dir - straight line, f - river rat, p - river rat
Aim: a river rat The river rat is severely wounded.
You feel life coursing into your body. The river rat barely misses you.
You hit the river rat.
The river rat is almost dead.
The river rat bites you but does no damage.
You hit the river rat but do no damage.
The river rat is almost dead.
The river rat bites you!
* * * LOW HITPOINT WARNING * * *
The river rat bites you.
You die...

##### * ##.≈≈≈+ ≈
#..≈≈≈# ##### #...≈≈#≈
#####...#######...≈≈##*
#.......@rrr......≈≈≈≈≈
*
#.#############....≈.s.
#.#*##>## #......≈.
#.##8...8# #.....?..
#.##..(..#* #........
#.#8.....8# #########*
#.##.....##
#########.##8...8#
..........# ...##


You could see 2 river rats and a quokka.

Vanquished Creatures
  An orc wizard (D:3)
  An iguana (D:3)
  2 adders (D:3)
  A river rat (D:3)
  3 leopard geckos
  4 orcs (D:3)
  A ball python (D:3)
  4 giant cockroaches
  4 goblins
  7 hobgoblins
  5 jackals
  2 bats
  2 frilled lizards
  4 kobolds
  2 rats
43 creatures vanquished.

Notes
Turn   | Place    | Note
-------+----------+-------------------------------------------
     0 | D:1      | Alarkh the Deep Dwarf Necromancer began the quest for the Orb.
     0 | D:1      | Reached XP level 1. HP: 15/15 MP: 3/3
   325 | D:1      | Reached XP level 2. HP: 22/22 MP: 3/5
   922 | D:2      | Reached skill level 1 in Axes
  1078 | D:2      | Reached XP level 3. HP: 15/28 MP: 0/6
  1083 | D:2      | Learned a level 3 spell: Vampiric Draining
  1764 | D:3      | Reached skill level 5 in Necromancy
  1877 | D:3      | Found a burning altar of Makhleb.
  2046 | D:3      | HP: 1/42 [orc wizard/puff of flame (5)]
  2051 | D:3      | Reached XP level 4. HP: 1/36 MP: 2/8
  2266 | D:3      | Slain by a river rat

Skill      XL: |  1  2  3  4 |
---------------+-------------+-----
Spellcasting   | 2 3 |  3.0
Axes           | 1 2 |  2.5
Necromancy     | 5 |  5.3
Dodging        | |  2.1
Stealth        | |  2.4

Action                   |  1- 3 |  4- 6 || total
-------------------------+-------+-------++-------
Melee: Hand axe          |    41 |     6 ||    47
 Cast: Pain              |    48 |     3 ||    51
       Vampiric Draining |     8 |     6 ||    14
  Use: Scroll            |     4 |       ||     4
       Potion            |     2 |       ||     2
 Stab: Sleeping          |     4 |       ||     4
  Eat: Chunk             |     5 |     1 ||     6
Armor: Robe              |    16 |     2 ||    18
       Skin              |    24 |     5 ||    29
Dodge: Dodged            |    38 |     5 ||    43
